 Dungeon Crawl Stone Soup version 0.25.0-9-g26727b657a (webtiles) character file.

Game seed: 5105049818317350944

8192 nikku the Fighter (level 11, -3/110 HPs)
             Began as a Deep Dwarf Berserker on June 17, 2020.
             Was a High Priest of Trog.
             Slain by a 19-headed hydra (4 damage)
             ... on level 10 of the Dungeon.
             The game lasted 00:33:32 (7313 turns).

nikku the Fighter (Deep Dwarf Berserker)            Turns: 7313, Time: 00:33:33

Health: -3/110     AC: 14    Str: 24    XL:     11   Next: 6%
Magic:  11/11      EV: 11    Int:  8    God:    Trog [*****.]
Gold:   527        SH: 12    Dex: 18    Spells: 10/10 levels left

rFire    . . .     SeeInvis .   e - +1 war axe (vamp)
rCold    . . .     Gourm    .   C - +1 kite shield
rNeg     . . .     Faith    .   H - +0 acid dragon scales
rPois    .         Spirit   .   u - +0 helmet
rElec    .         Reflect  .   p - +0 cloak
rCorr    +         Harm     .   a - +0 pair of gloves
MR       +++..                  G - +0 pair of boots
Stlth    +.........             (no amulet)
HPRegen  1.00/turn              b - +6 ring of dexterity
MPRegen  0.12/turn              (no ring)

@: berserk cooldown, non-regenerating, slowed, very slow
A: damage resistance, heal wounds, sense surroundings 2, no regeneration
a: Heal Wounds, Berserk, Trog's Hand, Brothers in Arms, Renounce Religion


You were on level 10 of the Dungeon.
You worshipped Trog.
Trog was extremely pleased with you.
You were near starving.

You visited 1 branch of the dungeon, and saw 10 of its levels.
You also visited: Sewer and Ossuary.

You collected 703 gold pieces.
You spent 176 gold pieces at shops.

Inventory:

Hand Weapons
 e - a +1 vampiric war axe (weapon)
Missiles
 d - 44 poisoned darts (quivered)
 y - 8 datura-tipped darts
 D - 5 atropa-tipped darts
Armour
 a - a +0 pair of gloves (worn)
 p - a +0 cloak (worn)
 u - a +0 helmet (worn)
 x - +0 fire dragon scales
 C - a +1 kite shield (worn)
 G - a +0 pair of boots (worn)
 H - +0 acid dragon scales (worn)
Jewellery
 b - a +6 ring of dexterity (left hand)
Wands
 k - a wand of iceblast (8)
 l - a wand of paralysis (6)
 q - a wand of polymorph (21)
Scrolls
 g - 3 scrolls of teleportation
 i - 5 scrolls of remove curse
 m - a scroll of fear
 o - a scroll of fog
 r - 4 scrolls of magic mapping
Potions
 f - 7 potions of curing
 h - 3 potions of ambrosia
 n - a potion of resistance {unknown}
 s - 2 potions of invisibility
 v - 2 potions of cancellation {unknown}
 w - a potion of heal wounds
 z - 2 potions of mutation {unknown}
 A - 3 potions of lignification
 B - a potion of flight {unknown}
Comestibles
 c - 24 rations
 j - 2 chunks of flesh


   Skills:
 * Level 10.5 Fighting
 + Level 9.7 Axes
 + Level 9.4 Armour
 - Level 2.1 Dodging
 + Level 6.2 Shields


You had 10 spell levels left.
You didn't know any spells.
Your spell library was empty.

Dungeon Overview and Level Annotations

Branches:
Dungeon (10/15)            Temple (0/1) D:6             Orc (0/2) D:9
  Sewer (visited)         Ossuary (visited)
   Lair: D:8-11

Altars:
Kikubaaqudgha
Nemelex Xobeh
Ru
Yredelemnul
Zin

Shops:
D:5 !   D:9 *

Annotations:
D:5 1 runed translucent door, Esekla's ghost, amateur VSSk
D:8 exclusion: door


Innate Abilities, Weirdness & Mutations

You are resistant to damage.
You can heal yourself by infusing magical energy.
You passively map the area around you.
You do not regenerate.


Message History

* * * LOW HITPOINT WARNING * * *
The 19-headed hydra closely misses you. The 19-headed hydra bites you.
The 19-headed hydra bites you but does no damage.
The 19-headed hydra bites you.
* * * LOW HITPOINT WARNING * * *
The 19-headed hydra bites you but does no damage. x3
The 19-headed hydra bites you.
* * * LOW HITPOINT WARNING * * *
The 19-headed hydra bites you.
* * * LOW HITPOINT WARNING * * *
The 19-headed hydra bites you. x2; You block the 19-headed hydra's attack.
The 19-headed hydra bites you but does no damage.
You block the 19-headed hydra's attack. The 19-headed hydra closely misses you.
You block the 19-headed hydra's attack. The 19-headed hydra bites you!
* * * LOW HITPOINT WARNING * * *
The 19-headed hydra barely misses you. x3; The 19-headed hydra misses you.
The 19-headed hydra bites you!
* * * LOW HITPOINT WARNING * * *
The 19-headed hydra bites you.
You die...

..............#...#
#.####...#.
......>#####..#...#
#........#. .......#
#.J#...#####........#.
....##.#
#.........(..####.....
....##.#
#............# #.....
##..##.#
#......####..# #.....
#..##.# #......# #..#
#...## #..##.#
#......# #..# #...#*
#..##.# #....@.# #..#
...# #..##.# #...D..#
#..# ,, #..##.#
#......# #..# *
#..##.# #......# ,* ,,
* #..##.# #......# , ,
#..##.# #......# , *
##..##.# #......#** ,
.......# #...(...,
######## * * * ** *


You could see a 19-headed hydra and a jelly (wandering).

Vanquished Creatures
  Maggie (D:7)
  2 hippogriffs
  Sigmund (D:3)
  A vampire (D:9)
  A human (D:8)
  A yak (D:8)
  3 steam dragons (D:7)
  3 hogs (D:8)
  3 hungry ghosts
  Menkaure (D:5)
  Edmund (D:6)
  A water moccasin (D:10)
  Purgy (Sewer)
  A black bear (D:8)
  A sky beast (D:7)
  7 orc warriors
  2 centaurs
  2 necrophages
  4 ogres
  4 phantoms
  A crocodile (D:8)
  A gnoll sergeant (D:9)
  An elf zombie (Ossuary)
  5 bullfrogs
  A wyvern zombie (D:8)
  A scorpion (D:4)
  12 killer bees (D:8)
  7 howler monkeys
  3 electric eels (D:8)
  3 crimson imps
  A bullfrog zombie (D:5)
  8 hounds
  A human zombie (Ossuary)
  3 jellies
  3 centaur zombies
  10 orc priests
  Crazy Yiuf (D:3)
  2 centaur skeletons
  13 orc wizards
  2 iguanas
  5 worker ants
  A killer bee zombie (D:8)
  A hound zombie (D:5)
  A hound skeleton (D:10)
  2 mummies (Ossuary)
  A howler monkey zombie (D:6)
  A worker ant zombie (D:5)
  Robin (D:3)
  9 adders
  4 gnolls (D:9)
  3 shadow imps
  An ooze (D:5)
  A worm (D:3)
  4 leopard geckos
  65 orcs
  8 giant cockroaches
  9 goblins
  11 hobgoblins
  21 jackals
  6 quokkas
  A ball python (D:3)
  12 bats
  9 frilled lizards
  A goblin zombie (Ossuary)
  10 hobgoblin zombies (Ossuary)
  A jackal zombie (Ossuary)
  4 kobolds
  10 kobold zombies (Ossuary)
  A leopard gecko zombie (D:5)
  10 orc zombies (Ossuary)
  A quokka zombie (D:5)
  5 rats
  A rat zombie (Ossuary)
  A plant (D:8)
342 creatures vanquished.

Vanquished Creatures (others)
  5 toadstools (D:8)
  2 withered plants (D:5)
7 creatures vanquished.

Grand Total: 349 creatures vanquished

Notes
Turn   | Place    | Note
-------+----------+-------------------------------------------
     0 | D:1      | nikku the Deep Dwarf Berserker began the quest for the Orb.
     0 | D:1      | Reached XP level 1. HP: 20/20 MP: 1/1
   146 | D:1      | Reached XP level 2. HP: 27/27 MP: 2/2
   406 | D:2      | Reached skill level 3 in Fighting
   584 | D:2      | Reached ** piety under Trog
   584 | D:2      | Reached XP level 3. HP: 20/34 MP: 3/3
   760 | D:2      | Found a glowing silver altar of Zin.
  1210 | D:3      | Reached XP level 4. HP: 39/42 MP: 4/4
  1381 | D:3      | Found a basalt altar of Yredelemnul.
  1456 | D:3      | Found a runed translucent door.
  1457 | D:3      | Noticed Crazy Yiuf
  1471 | D:3      | Killed Crazy Yiuf
  1471 | D:3      | Reached XP level 5. HP: 50/50 MP: 3/5
  1556 | D:3      | Noticed Robin
  1566 | D:3      | Killed Robin
  1635 | D:3      | Noticed Sigmund
  1685 | D:3      | Killed Sigmund
  1685 | D:3      | Reached skill level 4 in Fighting
  1685 | D:3      | Reached skill level 5 in Axes
  1685 | D:3      | Reached XP level 6. HP: 26/57 MP: 6/6
  1704 | D:3      | Found a glowing drain.
  1713 | Sewer    | Entered a sewer
  1763 | Sewer    | Noticed Purgy
  1778 | Sewer    | Killed Purgy
  2071 | D:3      | Found a sacrificial altar of Ru.
  2111 | D:4      | Reached skill level 5 in Armour
  2191 | D:4      | Reached XP level 7. HP: 48/66 MP: 7/7
  2527 | D:4      | Reached skill level 5 in Fighting
  2593 | D:5      | Entered Level 5 of the Dungeon
  2698 | D:5      | Found a sand-covered staircase.
  2705 | Ossuary  | Entered an ossuary
  2742 | Ossuary  | Reached *** piety under Trog
  3072 | D:5      | Reached skill level 6 in Fighting
  3072 | D:5      | Reached XP level 8. HP: 66/76 MP: 8/8
  3164 | D:5      | Found a runed translucent door.
  3164 | D:5      | Noticed Esekla's ghost (amateur VSSk)
  3188 | D:5      | Found Xyxapt Niurr's Distillery.
  3198 | D:5      | Bought a potion of curing for 33 gold pieces
  3198 | D:5      | Bought a potion of heal wounds for 55 gold pieces
  3198 | D:5      | Bought a potion of curing for 33 gold pieces
  3198 | D:5      | Bought a potion of heal wounds for 55 gold pieces
  3275 | D:5      | Noticed Menkaure
  3280 | D:5      | Killed Menkaure
  3873 | D:6      | Found a staircase to the Ecumenical Temple.
  4078 | D:6      | Noticed Edmund
  4087 | D:6      | Killed Edmund
  4087 | D:6      | Reached skill level 7 in Fighting
  4605 | D:7      | Reached skill level 1 in Shields
  4613 | D:7      | Gained mutation: You passively map the area around you.
                  | [Deep Dwarf growth]
  4613 | D:7      | Reached XP level 9. HP: 73/86 MP: 9/9
  4622 | D:7      | Reached **** piety under Trog
  4705 | D:7      | Reached skill level 8 in Fighting
  5065 | D:7      | Found an ancient bone altar of Kikubaaqudgha.
  5108 | D:7      | Noticed Maggie
  5121 | D:7      | Killed Maggie
  5331 | D:8      | Reached skill level 9 in Fighting
  5341 | D:8      | Reached XP level 10. HP: 99/99 MP: 10/10
  5623 | D:8      | Reached skill level 5 in Shields
  5869 | D:8      | Found a sparkling altar of Nemelex Xobeh.
  6014 | D:8      | Reached skill level 10 in Fighting
  6197 | D:9      | Found Zohorghe's General Store.
  6280 | D:9      | Reached ***** piety under Trog
  6352 | D:9      | Found a staircase to the Orcish Mines.
  6974 | D:10     | Entered Level 10 of the Dungeon
  6988 | D:10     | Reached XP level 11. HP: 110/110 MP: 11/11
  7288 | D:10     | Noticed a five-headed hydra
  7313 | D:10     | HP: 1/110 [19-headed hydra (11)]
  7313 | D:10     | Slain by a 19-headed hydra

Illustrated notes

Levels and vault maps discovered:
D:1:      minmay_arrival_checkered_box, layout_rooms
D:2:      layout_basic, nicolae_overflow_crystal_walls
D:3:      layout_rooms, nicolae_ru_path_of_blood, lemuel_doored_altar,
          gup_sewer_entry_pipe, uniq_sigmund, uniq_robin,
          uniq_crazy_yiuf_cottage
D:4:      layout_cave_pools, first_ration
D:5:      layout_loops_corners, gammafunk_ghost_grave, serial_shops,
          nicolae_shop_waterfront, nicolae_ossuary_entry_monument,
          grunt_ministairs_6, uniq_menkaure
D:6:      layout_gridville, minmay_temple_entry_offerings, uniq_edmund
D:7:      cheibrodos_steamvent, layout_cave_pools, basic_altar, uniq_maggie
D:8:      cheibrodos_two_vegetables, layout_rooms, nemelex_altar_shiori,
          grunt_livestock, minmay_gold_behind_fungi,
          minmay_misc_feat_secret_circle
D:9:      layout_basic, hiddenorc2_lemuel, serial_shops, shop
D:10:     layout_long_grid

Skill      XL: |  1  2  3  4  5  6  7  8  9 10 |
---------------+-------------------------------+-----
Fighting       | 3 4 6 7 9 10 | 10.5
Armour         | 3 4 5 7 8 9 |  9.4
Axes           | 4 5 6 7 8 9 |  9.7
Shields        | 1 4 6 |  6.2
Dodging        | |  2.1

Action                   |  1- 3 |  4- 6 |  7- 9 | 10-12 || total
-------------------------+-------+-------+-------+-------++-------
Melee: Hand axe          |    94 |   199 |    11 |       ||   304
       War axe           |       |       |   375 |   448 ||   823
Throw: Javelin           |    43 |    14 |     3 |     4 ||    64
       Dart              |       |     6 |       |       ||     6
Invok: Trog's Hand       |     2 |     9 |    12 |     8 ||    31
       Berserk           |       |     5 |     6 |     2 ||    13
Evoke: Wand              |       |       |       |     1 ||     1
  Use: Scroll            |     8 |     2 |    11 |     3 ||    24
       Potion            |       |     2 |       |     4 ||     6
 Stab: Distracted        |     1 |       |       |       ||     1
       Sleeping          |       |       |       |     1 ||     1
  Eat: Chunk             |     2 |    12 |     9 |    15 ||    38
       Ration            |       |       |     3 |     1 ||     4
Armor: Animal skin       |    21 |       |       |       ||    21
       Ring mail         |     3 |    78 |       |       ||    81
       Chain mail        |       |    17 |     8 |       ||    25
       Fire dragon scale |       |       |   202 |       ||   202
       Acid dragon scale |       |       |    11 |   271 ||   282
Dodge: Dodged            |    86 |   120 |   165 |   209 ||   580
Block: Kite shield       |       |       |    95 |   336 ||   431
